[Event "7. Arber-Senioren-Cup 2019"]
[Site "Bodenmais"]
[Date "2019.07.28"]
[Round "2.8"]
[White "Waltenberger, Udo"]
[Black "Kuempers, Ulrich"]
[Result "0-1"]
[ECO "E63"]
[WhiteElo "1986"]
[BlackElo "2030"]
[Annotator "NA RC"]
[PlyCount "162"]
[EventDate "2019.07.27"]
[EventType "swiss"]
[EventCountry "GER"]
[SourceTitle "playchess.com"]
[Source "ChessBase"]
[SourceQuality "1"]
[TimeControl "5400+30"]

1. d4 Nf6 2. Nf3 g6 3. g3 Bg7 4. Bg2 O-O 5. O-O d6 6. c4 a6 7. Nc3 Nc6 8. h3 Rb8 9. Be3 b5 10. Nd2 Bd7 11. Rc1 e5 12. dxe5 dxe5 13. cxb5 axb5 14. Nde4 Nxe4 15. Nxe4 Nd4 16. Nc5 b4 17. Bxd4 exd4 18. Nxd7 Qxd7 19. Qc2 Qe6 20. Qc4 Qxc4 21. Rxc4 Rfe8 22. Bf3 b3 23. axb3 Rxb3 24. Rxc7 Rxb2 25. Rd1 h5 26. Kg2 Rd8 27. Rd3 Bf6 28. Rb7 Rc2 29. Rb1 Kg7 30. Rbd1 Rb8 31. R1d2 Rc3 32. Bd5 g5 33. e3 dxe3 34. Rxe3 Rxe3 35. fxe3 Rd8 36. e4 Be5 37. Ra2 Rd7 38. g4 h4 39. Rc2 Ra7 40. Ra2 Rc7 41. Ra3 Rc2+ 42. Kf1 f6 43. Ra7+ Kf8 44. Ra8+ Ke7 45. Ra7+ Kd6 46. Ra6+ Kc7 47. Ra3 Kb6 48. Rf3 Kc5 49. Rf2 Rc1+ 50. Kg2 Kd4 51. Rf3 Bf4 52. Bb7 Rb1 53. Bd5 Rb6 54. Rb3 Ra6 55. Rb1 Ra3 56. Rb3 Ra2+ 57. Kf1 Rh2 58. Rf3 Bg3 59. Rxf6 Rxh3 60. Rf3 Rh1+ 61. Kg2 Rh2+ 62. Kg1 Rb2 63. Kf1 Bf4 64. Rf2 Rb1+ 65. Kg2 Be3 66. Rf1 Rb2+ 67. Kh1 h3 68. Rf3 h2 69. Rf1 Bf4 70. Bc6 Be5 71. Bd5 Ke3 72. Bc6 Ke2 73. Rc1 Kf3 74. Bd7 Kg3 75. Rd1 Kh3 76. Be6 Rg2 77. Rd3+ Bg3 78. Rd1 Re2 79. Bf5 Bf4 80. Rd3+ Be3 81. Rd1 Rg2 0-1

[Event "7. Arber-Senioren-Cup 2019"]
[Site "Bodenmais"]
[Date "2019.07.28"]
[Round "2.9"]
[White "Hilbig, Dieter"]
[Black "Augustin, Christian"]
[Result "1-0"]
[ECO "C00"]
[WhiteElo "1943"]
[BlackElo "1971"]
[Annotator "NA RC"]
[PlyCount "93"]
[EventDate "2019.07.27"]
[EventType "swiss"]
[EventCountry "GER"]
[SourceTitle "playchess.com"]
[Source "ChessBase"]
[SourceQuality "1"]
[TimeControl "5400+30"]

1. e4 e6 2. d4 b6 3. Bf4 Bb7 4. Nd2 Ne7 5. Bd3 d6 6. Ngf3 g6 7. c3 Bg7 8. Qc2 a6 9. h4 h6 10. O-O-O Nd7 11. Nc4 b5 12. Na5 Ra7 13. Nxb7 Rxb7 14. Rhe1 a5 15. Qe2 Qb8 16. g4 h5 17. gxh5 Rxh5 18. Kb1 e5 19. Bg3 b4 20. cxb4 Rxb4 21. d5 Nc5 22. Bc4 Na4 23. Bb3 Nc5 24. Bc4 Bh6 25. Ka1 Nc8 26. Rb1 Nb6 27. b3 a4 28. bxa4 Rxb1+ 29. Rxb1 Qa7 30. Bb5+ Ke7 31. Qc2 f6 32. Ne1 g5 33. Be2 Rxh4 34. Bxh4 gxh4 35. Bb5 Qa5 36. Nd3 Bd2 37. a3 Qc3+ 38. Qxc3 Bxc3+ 39. Ka2 Nxe4 40. Rc1 Nxd5 41. Bc6 Bd2 42. Rc2 Nec3+ 43. Kb3 e4 44. Rxd2 h3 45. Bxd5 Nxd5 46. Nb4 Nf4 47. Nd5+ 1-0

[Event "7. Arber-Senioren-Cup 2019"]
[Site "Bodenmais"]
[Date "2019.07.28"]
[Round "2.10"]
[White "Hamlack, Heinz"]
[Black "Ketzscher, Roland"]
[Result "1-0"]
[ECO "A46"]
[WhiteElo "1986"]
[BlackElo "1917"]
[Annotator "NA RC"]
[PlyCount "71"]
[EventDate "2019.07.27"]
[EventType "swiss"]
[EventCountry "GER"]
[SourceTitle "playchess.com"]
[Source "ChessBase"]
[SourceQuality "1"]
[TimeControl "5400+30"]

1. Nf3 Nf6 2. d4 e6 3. e3 d5 4. Be2 Nbd7 5. O-O Bd6 6. b3 O-O 7. c4 c6 8. Bb2 Re8 9. Ne5 Qc7 10. f4 Ne4 11. Nd2 f5 12. Nxe4 fxe4 13. Qe1 Nxe5 14. fxe5 Be7 15. Bh5 Rf8 16. Rxf8+ Bxf8 17. Qf2 g6 18. Rf1 Qg7 19. Bg4 Be7 20. cxd5 cxd5 21. Rc1 Bd7 22. Rc7 Rf8 23. Qe2 h5 24. Bh3 Bc6 25. Bxe6+ Kh8 26. Ba3 Re8 27. Bxe7 Rxe7 28. Rc8+ Kh7 29. Bg8+ Kh6 30. Qf2 Rc7 31. Rf8 Be8 32. h4 Qe7 33. Bxd5 Kg7 34. Qf6+ Qxf6 35. Rxf6 Rc1+ 36. Kf2 1-0

[Event "7. Arber-Senioren-Cup 2019"]
[Site "Bodenmais"]
[Date "2019.07.28"]
[Round "2.11"]
[White "Supplieth, Peter"]
[Black "Godoj, Veit"]
[Result "1/2-1/2"]
[ECO "B01"]
[WhiteElo "1880"]
[BlackElo "1995"]
[Annotator "NA RC"]
[PlyCount "26"]
[EventDate "2019.07.27"]
[EventType "swiss"]
[EventCountry "GER"]
[SourceTitle "playchess.com"]
[Source "ChessBase"]
[SourceQuality "1"]
[TimeControl "5400+30"]

1. e4 d5 2. exd5 Qxd5 3. Nc3 Qd6 4. d4 Nf6 5. Nf3 a6 6. h3 b5 7. Be3 Bb7 8. Be2 e6 9. Qd2 Nbd7 10. a3 Be7 11. Rg1 c5 12. dxc5 Qxd2+ 13. Nxd2 Bxc5 1/2-1/2

[Event "7. Arber-Senioren-Cup 2019"]
[Site "Bodenmais"]
[Date "2019.07.28"]
[Round "2.12"]
[White "Kurka, Dieter"]
[Black "Riedl, Maximilian"]
[Result "1/2-1/2"]
[ECO "D00"]
[WhiteElo "2006"]
[BlackElo "1905"]
[Annotator "NA RC"]
[PlyCount "88"]
[EventDate "2019.07.27"]
[EventType "swiss"]
[EventCountry "GER"]
[SourceTitle "playchess.com"]
[Source "ChessBase"]
[SourceQuality "1"]
[TimeControl "5400+30"]

1. d4 d5 2. Bf4 Nf6 3. e3 Bf5 4. c3 c6 5. Nd2 Nbd7 6. h3 Qb6 7. b4 Ne4 8. Nxe4 Bxe4 9. Nf3 f6 10. Nd2 Bg6 11. Be2 e5 12. Bg3 Bd6 13. O-O Qc7 14. Qb3 Bf7 15. Rfe1 O-O 16. Rac1 b5 17. Qc2 e4 18. Bxd6 Qxd6 19. f4 g5 20. g3 h5 21. Rf1 Kg7 22. Kg2 Rh8 23. h4 gxh4 24. gxh4 f5 25. Nb3 Nf6 26. Rh1 Ng4 27. Bxg4 hxg4 28. Kg3 Rh6 29. Rh2 Rah8 30. Nc5 Qd8 31. Rch1 Qb6 32. Nb3 Be6 33. a3 Bc8 34. Qa2 a6 35. a4 Qd8 36. axb5 cxb5 37. Nc5 Kf8 38. Qa3 Ke8 39. Qa2 R8h7 40. Qa5 Qxa5 41. bxa5 Kd8 42. Rb1 Kc7 43. Rb4 Kc6 44. Rb1 Rh8 1/2-1/2

[Event "7. Arber-Senioren-Cup 2019"]
[Site "Bodenmais"]
[Date "2019.07.28"]
[Round "2.13"]
[White "Pisz, Bretislav"]
[Black "Puehn, Georg"]
[Result "1/2-1/2"]
[ECO "A18"]
[WhiteElo "1599"]
[BlackElo "1990"]
[Annotator "NA RC"]
[PlyCount "59"]
[EventDate "2019.07.27"]
[EventType "swiss"]
[EventCountry "GER"]
[SourceTitle "playchess.com"]
[Source "ChessBase"]
[SourceQuality "1"]
[TimeControl "5400+30"]

1. c4 Nf6 2. Nc3 e6 3. e4 d5 4. e5 d4 5. exf6 dxc3 6. bxc3 Qxf6 7. Nf3 c5 8. Rb1 Bd6 9. d4 h6 10. Be3 O-O 11. Rb3 Nc6 12. dxc5 Bc7 13. Qc2 e5 14. Bd3 Re8 15. Nd2 Qe6 16. O-O f5 17. f3 Rb8 18. h3 Qf7 19. g4 Ne7 20. c6 Nxc6 21. h4 Qe7 22. Bxf5 Qxh4 23. Bf2 Qe7 24. Bg6 Rf8 25. Kg2 Be6 26. Rh1 Qf6 27. Bh4 Qf4 28. Bg3 Qf6 29. Bh4 Qf4 30. Bg3 1/2-1/2

[Event "7. Arber-Senioren-Cup 2019"]
[Site "Bodenmais"]
[Date "2019.07.28"]
[Round "2.14"]
[White "Nickl, Klaus"]
[Black "Latzel, Wolfgang"]
[Result "1/2-1/2"]
[ECO "A41"]
[WhiteElo "1988"]
[BlackElo "1881"]
[Annotator "NA RC"]
[PlyCount "42"]
[EventDate "2019.07.27"]
[EventType "swiss"]
[EventCountry "GER"]
[SourceTitle "playchess.com"]
[Source "ChessBase"]
[SourceQuality "1"]
[TimeControl "5400+30"]

1. d4 d6 2. Nf3 g6 3. Bf4 Bg7 4. e3 Nd7 5. c3 e5 6. Bg3 Qe7 7. Be2 Nh6 8. Na3 a6 9. Bh4 f6 10. dxe5 dxe5 11. e4 Nf7 12. Qc2 Bh6 13. Nc4 Nb6 14. Nxb6 cxb6 15. Bc4 Be6 16. Qb3 Bxc4 17. Qxc4 Rd8 18. Rd1 O-O 19. O-O Kh8 20. Qe2 b5 21. Rxd8 Rxd8 1/2-1/2

[Event "7. Arber-Senioren-Cup 2019"]
[Site "Bodenmais"]
[Date "2019.07.28"]
[Round "2.15"]
[White "Berger, Siegfried"]
[Black "Limberg, Siegfried"]
[Result "1-0"]
[ECO "B40"]
[WhiteElo "1548"]
[BlackElo "1983"]
[Annotator "NA RC"]
[PlyCount "100"]
[EventDate "2019.07.27"]
[EventType "swiss"]
[EventCountry "GER"]
[SourceTitle "playchess.com"]
[Source "ChessBase"]
[SourceQuality "1"]
[TimeControl "5400+30"]

1. e4 c5 2. Nf3 e6 3. Nc3 a6 4. a3 Nc6 5. d4 cxd4 6. Nxd4 d6 7. Nxc6 bxc6 8. Bd3 Nf6 9. O-O Be7 10. Re1 e5 11. h3 O-O 12. Be3 d5 13. exd5 cxd5 14. Bg5 e4 15. Be2 Be6 16. Be3 Qd7 17. f3 Rfd8 18. Bd4 Qc6 19. Qd2 Bc5 20. Bd1 Rab8 21. b4 Bxd4+ 22. Qxd4 exf3 23. Bxf3 Rdc8 24. Re3 Qc4 25. Qxc4 Rxc4 26. Na4 a5 27. c3 axb4 28. cxb4 d4 29. Ree1 d3 30. Rad1 Bf5 31. g4 Bg6 32. Nc5 Rc3 33. g5 Ne8 34. a4 h6 35. gxh6 gxh6 36. Be4 f5 37. Bd5+ Bf7 38. Bxf7+ Kxf7 39. Nxd3 Kf6 40. Nf4 Nc7 41. Rb1 Rc4 42. Nd3 Nd5 43. b5 Rxa4 44. Nc5 Rg8+ 45. Kh1 Ra3 46. Re6+ Kf7 47. Rxh6 Rgg3 48. Kh2 Nf4 49. b6 Rg2+ 50. Kh1 Raa2 1-0

[Event "7. Arber-Senioren-Cup 2019"]
[Site "Bodenmais"]
[Date "2019.07.28"]
[Round "2.16"]
[White "Pribyl, Josef"]
[Black "Kirschner, Torsten"]
[Result "1-0"]
[ECO "A49"]
[WhiteElo "2234"]
[BlackElo "1767"]
[Annotator "RC"]
[PlyCount "47"]
[EventDate "2019.07.27"]
[EventType "swiss"]
[EventCountry "GER"]
[SourceTitle "playchess.com"]
[Source "ChessBase"]
[SourceQuality "1"]
[TimeControl "5400+30"]

1. d4 Nf6 2. Nf3 g6 3. g3 Bg7 4. Bg2 O-O 5. O-O d6 6. Nc3 c6 7. e4 a5 8. a4 Na6 9. h3 Qc7 10. Be3 Nb4 11. Qd2 Re8 12. Rfd1 e5 13. Rac1 Be6 14. Bh6 Bh8 15. Qg5 Nh5 16. Rd2 Qe7 17. Qxe7 Rxe7 18. dxe5 dxe5 19. Rcd1 f6 20. Bf1 Kf7 21. Be3 Ke8 22. Bb6 Rd7 23. Kg2 Nxc2 24. Rxc2 1-0

[Event "7. Arber-Senioren-Cup 2019"]
[Site "Bodenmais"]
[Date "2019.07.28"]
[Round "2.17"]
[White "Korte, Markus"]
[Black "Wolff, Peter"]
[Result "1-0"]
[ECO "B18"]
[WhiteElo "2028"]
[BlackElo "1915"]
[Annotator "NA RC"]
[PlyCount "195"]
[EventDate "2019.07.27"]
[EventType "swiss"]
[EventCountry "GER"]
[SourceTitle "playchess.com"]
[Source "ChessBase"]
[SourceQuality "1"]
[TimeControl "5400+30"]

1. e4 c6 2. d4 d5 3. Nc3 dxe4 4. Nxe4 Bf5 5. Ng3 Bg6 6. Nf3 Nd7 7. Bc4 e6 8. O-O Ngf6 9. Re1 Be7 10. Nh4 O-O 11. Nxg6 hxg6 12. c3 Nb6 13. Bf1 c5 14. Be3 Nbd5 15. Bg5 cxd4 16. Qxd4 Qb6 17. Qxb6 Nxb6 18. a4 a5 19. Be2 Rfd8 20. Bf3 Rd7 21. Re5 Nfd5 22. Bxe7 Rxe7 23. Rae1 Rc7 24. R1e2 Rd8 25. h3 Nc4 26. R5e4 Nf6 27. Rh4 Nd2 28. Re5 Nxf3+ 29. gxf3 Rd5 30. Rxd5 Nxd5 31. Rd4 Kf8 32. Ne4 Ke7 33. Nd2 Nb6 34. Rg4 Kf6 35. Ne4+ Ke7 36. Nd2 Kf6 37. Kf1 Nd5 38. Ke2 Ke7 39. Nb3 b6 40. Nd2 f5 41. Rh4 g5 42. Rh8 Rc6 43. h4 gxh4 44. Rxh4 g5 45. Rh7+ Kf6 46. Rh6+ Kg7 47. Rh2 e5 48. Kd1 Nf4 49. Kc2 Rc5 50. Rh1 Ne2 51. Kb3 Nf4 52. Nc4 Nd5 53. Nd6 Ne7 54. Rd1 Kg6 55. Nc4 Kf7 56. Rd7 Ke8 57. Rb7 e4 58. Nd6+ Kf8 59. fxe4 f4 60. Rxb6 g4 61. Rb8+ Kg7 62. Re8 Ng6 63. Nf5+ Kf6 64. Rd8 Re5 65. Rd6+ Kg5 66. Rd4 Nh4 67. Nd6 Kh5 68. Nc4 Re6 69. Rd5+ Kh6 70. e5 Nf5 71. Nd6 Kg6 72. c4 g3 73. fxg3 fxg3 74. Ne4 g2 75. Rd1 Rxe5 76. Rg1 Ne3 77. Ng3 Rc5 78. Ne2 Kg5 79. Kc3 Rf5 80. Kd3 Rf3 81. Ke4 Kg4 82. c5 Rh3 83. c6 Nf1 84. Rxg2+ Kh4 85. c7 Re3+ 86. Kf4 Re8 87. Rg7 Rf8+ 88. Ke5 Nd2 89. Rd7 Nc4+ 90. Kd4 Nb6 91. Rd8 Rf2 92. Ke3 Rf6 93. c8=Q Nxc8 94. Rxc8 Rb6 95. Rc2 Rb3+ 96. Kd2 Kg4 97. Rc4+ Kh3 98. Rc3+ 1-0

[Event "7. Arber-Senioren-Cup 2019"]
[Site "Bodenmais"]
[Date "2019.07.28"]
[Round "2.18"]
[White "Cordts, Elof"]
[Black "Greul, Hans"]
[Result "0-1"]
[ECO "C01"]
[WhiteElo "1710"]
[BlackElo "2009"]
[Annotator "NA RC"]
[PlyCount "94"]
[EventDate "2019.07.27"]
[EventType "swiss"]
[EventCountry "GER"]
[SourceTitle "playchess.com"]
[Source "ChessBase"]
[SourceQuality "1"]
[TimeControl "5400+30"]

1. e4 e6 2. d4 d5 3. exd5 exd5 4. Nc3 Nf6 5. Bd3 Bb4 6. a3 Bxc3+ 7. bxc3 O-O 8. Ne2 Bg4 9. f3 Bh5 10. O-O Nbd7 11. Nf4 c5 12. a4 Qc7 13. Re1 Rfe8 14. Be3 Rxe3 15. Rxe3 Qxf4 16. Qd2 Qd6 17. Rae1 Bg6 18. Kh1 Rc8 19. g4 cxd4 20. cxd4 Nf8 21. g5 N6d7 22. Qa5 Bxd3 23. cxd3 Rc2 24. R3e2 Rxe2 25. Rxe2 b6 26. Qd2 Ne6 27. Qe3 Qb4 28. f4 Ndf8 29. f5 Nxd4 30. Rf2 Qc5 31. g6 hxg6 32. fxg6 f6 33. Qe8 Qc7 34. Kg2 Qd7 35. Qa8 Nde6 36. Rf5 Nc7 37. Qxa7 Qxf5 38. Qxc7 Qxg6+ 39. Kf2 Qxd3 40. Qxb6 Qc2+ 41. Kf1 Qxa4 42. Qd6 Qe4 43. h4 Qe5 44. Qc5 Ng6 45. Qc8+ Kh7 46. Qd7 Nxh4 47. Qh3 Qf5+ 0-1

[Event "7. Arber-Senioren-Cup 2019"]
[Site "Bodenmais"]
[Date "2019.07.28"]
[Round "2.19"]
[White "Riha, Peter"]
[Black "Steinbach, Peter"]
[Result "0-1"]
[ECO "A51"]
[WhiteElo "1720"]
[BlackElo "1958"]
[Annotator "NA RC"]
[PlyCount "26"]
[EventDate "2019.07.27"]
[EventType "swiss"]
[EventCountry "GER"]
[SourceTitle "playchess.com"]
[Source "ChessBase"]
[SourceQuality "1"]
[TimeControl "5400+30"]

1. d4 Nf6 2. c4 e5 3. dxe5 Ne4 4. a3 d6 5. Nf3 Bf5 6. Bf4 Nc6 7. exd6 Qf6 8. Qb3 Bxd6 9. Bxd6 Qxd6 10. Nc3 Nc5 11. Qa2 O-O-O 12. e3 Ne5 13. Nxe5 Qd2# 0-1

[Event "7. Arber-Senioren-Cup 2019"]
[Site "Bodenmais"]
[Date "2019.07.28"]
[Round "2.20"]
[White "Schwalb, Manfred"]
[Black "Boldt, Heinrich"]
[Result "1-0"]
[ECO "C41"]
[WhiteElo "1965"]
[BlackElo "1803"]
[Annotator "NA RC"]
[PlyCount "47"]
[EventDate "2019.07.27"]
[EventType "swiss"]
[EventCountry "GER"]
[SourceTitle "playchess.com"]
[Source "ChessBase"]
[SourceQuality "1"]
[TimeControl "5400+30"]

1. e4 d6 2. d4 Nf6 3. Nc3 e5 4. Nf3 Nbd7 5. Bc4 Be7 6. O-O c6 7. a4 O-O 8. h3 h6 9. Qe2 Nh7 10. Rd1 Qc7 11. Be3 Kh8 12. g4 Ndf6 13. Nd2 exd4 14. Bxd4 Be6 15. f4 d5 16. e5 dxc4 17. exf6 Bxf6 18. Be3 Bxc3 19. bxc3 b5 20. Qf2 Nf6 21. f5 Bd5 22. Bd4 Ne4 23. Nxe4 Bxe4 24. Qe3 1-0

[Event "7. Arber-Senioren-Cup 2019"]
[Site "Bodenmais"]
[Date "2019.07.28"]
[Round "2.21"]
[White "Meul, Willi"]
[Black "Auterhoff, Juergen"]
[Result "0-1"]
[ECO "A45"]
[WhiteElo "1904"]
[BlackElo "1673"]
[Annotator "NA RC"]
[PlyCount "91"]
[EventDate "2019.07.27"]
[EventType "swiss"]
[EventCountry "GER"]
[SourceTitle "playchess.com"]
[Source "ChessBase"]
[SourceQuality "1"]
[TimeControl "5400+30"]

1. d4 Nf6 2. Bf4 d5 3. e3 Bf5 4. c4 e6 5. Nc3 Bd6 6. Bg3 Bxg3 7. hxg3 c6 8. Be2 Nbd7 9. f4 Ne4 10. Nxe4 Bxe4 11. Nf3 Nf6 12. Qd2 Qb6 13. c5 Qc7 14. Rh4 Bxf3 15. gxf3 h5 16. g4 g5 17. Rh3 gxf4 18. exf4 O-O-O 19. g5 Nd7 20. Bd3 f5 21. b4 Nf8 22. Qe3 Qd7 23. Kf2 Ng6 24. a4 Rde8 25. b5 Qc7 26. bxc6 bxc6 27. Ba6+ Kd7 28. Rb1 Rb8 29. Rhh1 Nxf4 30. Qe5 Qxe5 31. dxe5 Kc7 32. Kg3 Ng6 33. f4 Rxb1 34. Rxb1 Rb8 35. Rxb8 Kxb8 36. Be2 h4+ 37. Kf3 d4 38. Bc4 h3 39. Bf1 h2 40. Kg2 Nxf4+ 41. Kxh2 d3 42. Bxd3 Nxd3 43. g6 Nxe5 44. g7 Ng4+ 45. Kg3 Nf6 46. Kh4 0-1

[Event "7. Arber-Senioren-Cup 2019"]
[Site "Bodenmais"]
[Date "2019.07.28"]
[Round "2.22"]
[White "Wittkugel, Friedhelm"]
[Black "Gottwald, Helmut"]
[Result "0-1"]
[ECO "A45"]
[WhiteElo "1920"]
[BlackElo "1579"]
[Annotator "NA RC"]
[PlyCount "118"]
[EventDate "2019.07.27"]
[EventType "swiss"]
[EventCountry "GER"]
[SourceTitle "playchess.com"]
[Source "ChessBase"]
[SourceQuality "1"]
[TimeControl "5400+30"]

1. d4 Nf6 2. Bg5 e6 3. e4 h6 4. Bxf6 Qxf6 5. Nf3 Qd8 6. Bd3 c5 7. d5 b6 8. O-O Bb7 9. c4 Be7 10. Nc3 O-O 11. Bc2 d6 12. e5 dxe5 13. Nxe5 exd5 14. Qd3 f5 15. cxd5 Nd7 16. Ng6 Rf6 17. Nxe7+ Qxe7 18. Rfe1 Qd8 19. Qh3 Nf8 20. Re5 Ng6 21. Ree1 Bc8 22. Rad1 Bd7 23. a4 Qf8 24. Qf3 Re8 25. g3 Rxe1+ 26. Rxe1 Qd6 27. h4 Rf7 28. h5 Re7 29. Rxe7 Nxe7 30. Bd3 Qe5 31. Qe2 Qxe2 32. Bxe2 Nc8 33. f4 Kf7 34. Kf2 Ke7 35. Ke3 Kd6 36. b3 Ne7 37. Bf3 Be8 38. Kd3 a6 39. g4 fxg4 40. Bxg4 Bf7 41. Bf3 Nxd5 42. Ne4+ Kc7 43. f5 Nf6 44. Nxf6 gxf6 45. Bd1 Kd6 46. Ke4 Bd5+ 47. Kf4 b5 48. axb5 axb5 49. Bc2 b4 50. Bd1 c4 51. bxc4 Bxc4 52. Bc2 b3 53. Bb1 Kc5 54. Ke4 Bf7 55. Kd3 Bxh5 56. Kc3 Bf7 57. Bd3 Kd6 58. Bf1 Ke5 59. Bh3 Bd5 0-1

[Event "7. Arber-Senioren-Cup 2019"]
[Site "Bodenmais"]
[Date "2019.07.28"]
[Round "2.23"]
[White "Benischek, Wolfgang"]
[Black "Luebbers, Doris"]
[Result "1-0"]
[ECO "C41"]
[WhiteElo "2022"]
[BlackElo "1514"]
[Annotator "NA RC"]
[PlyCount "93"]
[EventDate "2019.07.27"]
[EventType "swiss"]
[EventCountry "GER"]
[SourceTitle "playchess.com"]
[Source "ChessBase"]
[SourceQuality "1"]
[TimeControl "5400+30"]

1. e4 e5 2. Nf3 d6 3. d4 exd4 4. Nxd4 Be7 5. Nc3 Nf6 6. f3 a6 7. a4 b6 8. Be3 Bb7 9. Nf5 O-O 10. Qd2 Nbd7 11. h4 Re8 12. O-O-O Bf8 13. Bg5 h6 14. Bc4 Ne5 15. Ba2 Bc8 16. Nxh6+ gxh6 17. Bxh6 Kh7 18. Bg5 Be6 19. Qf4 Bg7 20. g4 Bxa2 21. Nxa2 Rh8 22. Nc3 Kg8 23. h5 Rh7 24. h6 Bh8 25. Qg3 Qe8 26. f4 Ng6 27. Rhe1 Qf8 28. e5 dxe5 29. fxe5 Ne8 30. Nd5 Qc5 31. Be3 Qc6 32. Bg5 Qe6 33. Kb1 Rb8 34. Re2 c6 35. Nf4 Nxf4 36. Bxf4 Rc8 37. Qe3 c5 38. g5 Rc6 39. Rd8 Rc8 40. Rxc8 Qxc8 41. e6 Qxe6 42. Qd3 Qc8 43. Qxa6 Qc6 44. Qb7 Qxa4 45. Qc8 f5 46. Rxe8+ Kf7 47. Qe6# 1-0

[Event "7. Arber-Senioren-Cup 2019"]
[Site "Bodenmais"]
[Date "2019.07.28"]
[Round "2.24"]
[White "Sagner, Guenter"]
[Black "Bock, Ortwin"]
[Result "0-1"]
[ECO "A52"]
[WhiteElo "1696"]
[BlackElo "1938"]
[Annotator "NA RC"]
[PlyCount "70"]
[EventDate "2019.07.27"]
[EventType "swiss"]
[EventCountry "GER"]
[SourceTitle "playchess.com"]
[Source "ChessBase"]
[SourceQuality "1"]
[TimeControl "5400+30"]

1. d4 Nf6 2. c4 e5 3. dxe5 Ng4 4. Nc3 Bc5 5. e3 Nxe5 6. Nf3 Nbc6 7. Be2 Bb4 8. Nxe5 Bxc3+ 9. bxc3 Nxe5 10. Qd4 d6 11. f4 c5 12. Qe4 f5 13. Qd5 Nf7 14. O-O Qf6 15. Bd2 O-O 16. Bf3 Rb8 17. Rab1 b6 18. a4 Bb7 19. Qd3 Bxf3 20. gxf3 Qe6 21. e4 fxe4 22. fxe4 Rbe8 23. Rbe1 Kh8 24. Kh1 g5 25. fxg5 Ne5 26. Qg3 Qxc4 27. Rf6 Rxf6 28. gxf6 Rg8 29. Qh3 Ng4 30. Qf3 Qf7 31. Rf1 Rg6 32. c4 Ne5 33. Qf5 Ng4 34. Rg1 Qxc4 35. f7 Qxe4+ 0-1

[Event "7. Arber-Senioren-Cup 2019"]
[Site "Bodenmais"]
[Date "2019.07.28"]
[Round "2.25"]
[White "Schmid, Johann"]
[Black "Voeller, Lothar"]
[Result "1-0"]
[ECO "D02"]
[WhiteElo "1842"]
[BlackElo "1666"]
[Annotator "NA RC"]
[PlyCount "97"]
[EventDate "2019.07.27"]
[EventType "swiss"]
[EventCountry "GER"]
[SourceTitle "playchess.com"]
[Source "ChessBase"]
[SourceQuality "1"]
[TimeControl "5400+30"]

1. d4 d5 2. Nf3 Nf6 3. Bf4 c6 4. c3 Bf5 5. e3 e6 6. Nbd2 Be7 7. h3 O-O 8. Nh4 Bg6 9. Nxg6 hxg6 10. Nf3 Nbd7 11. Bd3 c5 12. Qe2 Rc8 13. Bh2 a6 14. a4 cxd4 15. exd4 Qa5 16. O-O Qb6 17. Rfe1 Bd6 18. Bxd6 Qxd6 19. Ne5 Nh5 20. Qg4 Ndf6 21. Qf3 g5 22. g3 g6 23. Qe3 Nh7 24. Kg2 Ng7 25. g4 Qe7 26. Rh1 Qf6 27. Nd7 Qf4 28. Nxf8 Nxf8 29. Rae1 Nd7 30. a5 Qc7 31. Ra1 Qf4 32. Rhe1 f5 33. Qxf4 gxf4 34. f3 fxg4 35. Bxg6 gxh3+ 36. Kxh3 Rf8 37. Re2 Rf6 38. Rg1 Kf8 39. Rg4 b6 40. b4 bxa5 41. bxa5 Nb8 42. Rb2 Nc6 43. Rb6 Nxa5 44. Rxa6 Nc4 45. Ra8+ Ke7 46. Ra7+ Kf8 47. Rh4 Kg8 48. Ra8+ Rf8 49. Rh8+ 1-0

[Event "7. Arber-Senioren-Cup 2019"]
[Site "Bodenmais"]
[Date "2019.07.28"]
[Round "2.26"]
[White "Busch, Joerg"]
[Black "Riess, Michael"]
[Result "1/2-1/2"]
[ECO "B01"]
[WhiteElo "1851"]
[BlackElo "1686"]
[Annotator "NA RC"]
[PlyCount "118"]
[EventDate "2019.07.27"]
[EventType "swiss"]
[EventCountry "GER"]
[SourceTitle "playchess.com"]
[Source "ChessBase"]
[SourceQuality "1"]
[TimeControl "5400+30"]

1. e4 d5 2. exd5 Nf6 3. d4 Nxd5 4. c4 Nb4 5. a3 N4c6 6. d5 Ne5 7. Bf4 Ng6 8. Bg3 e5 9. Nc3 a6 10. Nf3 Bg4 11. Be2 Bxf3 12. Bxf3 Nd7 13. Be4 Be7 14. b4 Rb8 15. f3 Bh4 16. Bxh4 Qxh4+ 17. g3 Qh6 18. Qd2 Qxd2+ 19. Kxd2 O-O 20. Bf5 Nf6 21. Rhe1 Rfe8 22. Re2 Re7 23. Rae1 Rbe8 24. Bc2 Kf8 25. Ba4 Rd8 26. Kc1 Nd7 27. Ne4 Nb6 28. Bb3 Nd7 29. Kb2 b6 30. Bc2 f6 31. h4 Nh8 32. g4 Nf7 33. Ng3 g6 34. Kc3 Nd6 35. Bd3 Rde8 36. a4 a5 37. bxa5 bxa5 38. Rb2 Nc5 39. Bc2 e4 40. fxe4 Ndxe4+ 41. Nxe4 Nxe4+ 42. Kd4 c5+ 43. dxc6 Rd8+ 44. Ke3 Nd6+ 45. Kf2 Rxe1 46. Kxe1 Rc8 47. Rb6 Nxc4 48. Ra6 Re8+ 49. Kf2 Ne3 50. Bb1 Nxg4+ 51. Kg3 f5 52. Ra7 Ne5 53. c7 Rc8 54. Rxa5 Nc6 55. Rc5 Rxc7 56. Bd3 Ke7 57. Bb5 Kd6 58. Rc1 Nd4 59. Rd1 Ke5 1/2-1/2

[Event "7. Arber-Senioren-Cup 2019"]
[Site "Bodenmais"]
[Date "2019.07.28"]
[Round "2.27"]
[White "Bauer, Werner"]
[Black "Yon, Gregory"]
[Result "1-0"]
[ECO "A04"]
[WhiteElo "1881"]
[BlackElo "1658"]
[Annotator "NA RC"]
[PlyCount "109"]
[EventDate "2019.07.27"]
[EventType "swiss"]
[EventCountry "GER"]
[SourceTitle "playchess.com"]
[Source "ChessBase"]
[SourceQuality "1"]
[TimeControl "5400+30"]

1. Nf3 f5 2. d3 Nf6 3. e4 d6 4. exf5 Bxf5 5. d4 Nbd7 6. Bd3 e6 7. O-O Be7 8. Ng5 Nf8 9. Re1 Qd7 10. Bxf5 exf5 11. Qe2 h6 12. Nh3 g5 13. Nc3 Rh7 14. d5 O-O-O 15. Be3 Kb8 16. Bd4 Ng4 17. f3 Bf6 18. Bxa7+ Kxa7 19. fxg4 Bd4+ 20. Nf2 Bb6 21. a4 fxg4 22. a5 Bc5 23. Na4 g3 24. hxg3 Rf7 25. Nxc5 dxc5 26. c4 Qf5 27. Qe3 Nd7 28. Nd3 Rdf8 29. Nxc5 Nxc5 30. Qxc5+ Kb8 31. a6 Qf2+ 32. Qxf2 Rxf2 33. axb7 Kxb7 34. Rf1 R2f6 35. Rxf6 Rxf6 36. c5 Rf7 37. Re1 g4 38. Re4 h5 39. Re5 Rh7 40. Kf2 Ka6 41. Ke3 Kb5 42. Kd4 h4 43. gxh4 Rxh4 44. Re4 Rh1 45. Rxg4 Rd1+ 46. Ke5 Kxc5 47. b4+ Kb5 48. Re4 Rg1 49. g4 c5 50. d6 Rd1 51. Ke6 Kc6 52. bxc5 Kxc5 53. d7 Rd6+ 54. Ke7 Kd5 55. Rd4+ 1-0

[Event "7. Arber-Senioren-Cup 2019"]
[Site "Bodenmais"]
[Date "2019.07.29"]
[Round "3.1"]
[White "Blechzin, Igor"]
[Black "Hamlack, Heinz"]
[Result "1-0"]
[ECO "A18"]
[WhiteElo "2221"]
[BlackElo "1986"]
[Annotator "ChessBase"]
[PlyCount "61"]
[EventDate "2019.07.27"]
[EventType "swiss"]
[EventCountry "GER"]
[SourceTitle "playchess.com"]
[Source "ChessBase"]
[SourceQuality "1"]
[TimeControl "5400+30"]

1. c4 Nf6 2. Nc3 e6 3. e4 Nc6 4. d4 Bb4 5. e5 Ne4 6. Nge2 d6 7. exd6 Nxd6 8. a3 Bxc3+ 9. Nxc3 O-O 10. d5 exd5 11. cxd5 Re8+ 12. Be2 Ne5 13. O-O a6 14. Qd4 b6 15. Bf4 Nf5 16. Qd2 Nd6 17. Rfe1 Bf5 18. Bxa6 Nf3+ 19. gxf3 Rxa6 20. Bxd6 cxd6 21. Qf4 Rxe1+ 22. Rxe1 g6 23. Nb5 Qd7 24. Nxd6 b5 25. Re8+ Kg7 26. Qe5+ Kh6 27. Rd8 Qa7 28. Nxf5+ gxf5 29. Rd6+ Rxd6 30. Qxd6+ Kg5 31. h4+ 1-0